 Dungeon Crawl Stone Soup version 0.20-a0-754-g13ddd6e (webtiles) character file.

183 esteth the Scratcher (level 5, 0/22 HPs)
             Began as a Felid Transmuter on Feb 26, 2017.
             Succumbed to a worker ant's poison
             ... on level 4 of the Dungeon.
             The game lasted 00:13:41 (4254 turns).

esteth the Scratcher (Felid Transmuter)             Turns: 4254, Time: 00:13:42

Health: 0/22       AC:  1    Str:  6    XL:     5   Next: 35%
Magic:  3/9        EV: 20    Int: 15    God:
Gold:   248        SH:  0    Dex: 19    Spells: 5/8 levels left
                                        Lives:  0   Deaths: 1

rFire    . . .     SeeInvis +     - Unarmed
rCold    . . .     Gourm    .   (armour unavailable)
rNeg     . . .     Faith    .   (shield unavailable)
rPois    .         Spirit   .   (helmet unavailable)
rElec    .         Reflect  .   (cloak unavailable)
rCorr    .         Harm     .   (gloves unavailable)
MR       .....                  (boots unavailable)
Stlth    +++.......             (no amulet)
Regen    0.1/turn               (no ring)
MPRegen  0.2/turn               (no ring)

@: lethally poisoned (0 -> -4), quick
A: no armour, no weapons or thrown items, stealth, claws 1, fangs 3, repulsion
field 1, thin skeletal structure 1, see invisible, carnivore 3, speed 1,
mutation resistance 1, shaggy fur 1, slow metabolism 1, sharp paws
a: no special abilities


You were on level 4 of the Dungeon.
You were very full.

You visited 1 branch of the dungeon, and saw 4 of its levels.

You collected 248 gold pieces.

Inventory:

Missiles
 a - 34 arrows
Wands
 e - a wand of acid (12/15)
Scrolls
 d - 4 scrolls of identify
 i - a scroll of teleportation {unknown}
 j - a scroll of amnesia
 k - a scroll of immolation {unknown}
Books
 b - a book of Changes

   Spells                             Type                      Level
   a - Beastly Appendage              Transmutation                1
   b - Sticks to Snakes               Transmutation                2
   c - Spider Form                    Transmutation/Poison         3
   d - Ice Form                       Ice/Transmutation            4
   e - Blade Hands                    Transmutation                5
Comestibles
 c - 3 meat rations


   Skills:
 - Level 1.0 Fighting
 - Level 2.6 Dodging
 + Level 6.9 Unarmed Combat
 - Level 2.0 Spellcasting
 - Level 2.1 Transmutations


You had 5 spell levels left.
You knew the following spells:

 Your Spells              Type           Power        Failure   Level  Hunger
a - Beastly Appendage     Tmut           #.....       12%         1    #......
b - Sticks to Snakes      Tmut           #.......     14%         2    ###....


Dungeon Overview and Level Annotations

Branches:
Dungeon (4/15)
 Temple: D:4-7

Altars:
Elyvilon

Shops:
D:4 :


Innate Abilities, Weirdness & Mutations

You cannot wear armour.
You are incapable of wielding weapons or throwing items.
Your paws allow you to move quietly. (Stealth)
You have sharp claws.
You have razor-sharp teeth.
You have supernaturally acute eyesight. (SInv)
You are carnivorous and can eat meat at any time.
You cover ground quickly.
You are covered in fur. (AC +1)
You have a slow metabolism.
Your sharp claws are effective at attacking unaware monsters.
You are surrounded by a mild repulsion field. (EV +2)
You have a somewhat thin skeletal structure. (Dex +2, Stealth)
You are somewhat resistant to further mutation.


Message History

You claw the worker ant!
The worker ant is severely wounded.
The worker ant bites you.
* * * LOW HITPOINT WARNING * * *
You are lethally poisoned!
The worker ant poisons you!
You scratch the worker ant.
You kill the worker ant!
* * * LOW HITPOINT WARNING * * *
You feel sick.
* * * LOW HITPOINT WARNING * * *
You feel sick.
* * * LOW HITPOINT WARNING * * *
You feel sick.
There is a lethal amount of poison in your body!
* * * LOW HITPOINT WARNING * * *
You feel sick.
The jackal barks!
Your magical contamination has completely faded away.
You die...

# #..#.. # ..#.#
#... # ....# #... #
#.#.###.). #
#.#.....#.### #
#.#.........# #
#.......#.#.# #
#...........###.# #
####.lo.##....@...#
#
#.......#####.#####
# #.###.#######h# #
#l# .oo.hh...# #
#.# ########.# #.#
#.#
##.###########o#
#..)...รท.o.....#
##..#############


You could see an orc and a jackal.

Vanquished Creatures
  An ogre (D:4)
  An iguana (D:4)
  Ijyb (D:1)
  A worker ant (D:4)
  4 adders
  An adder skeleton (D:4)
  3 worms (D:2)
  5 leopard geckos
  5 orcs (D:3)
  A ball python (D:2)
  3 giant cockroaches
  5 hobgoblins
  8 jackals
  9 kobolds
  3 quokkas
  7 bats
  5 frilled lizards
  2 goblins
  4 rats (D:1)
  A fungus (D:2)
70 creatures vanquished.

Vanquished Creatures (collateral kills)
  Terence (D:3)
  2 worker ants (D:4)
3 creatures vanquished.

Grand Total: 73 creatures vanquished

Notes
Turn   | Place    | Note
-------+----------+-------------------------------------------
     0 | D:1      | esteth the Felid Transmuter began the quest for the Orb.
     0 | D:1      | Reached XP level 1. HP: 9/9 MP: 4/4
   227 | D:1      | Reached XP level 2. HP: 11/12 MP: 6/6
   439 | D:1      | Learned a level 2 spell: Sticks to Snakes
   947 | D:2      | Noticed Ijyb
  1021 | D:1      | Killed Ijyb
  1021 | D:1      | Reached skill level 4 in Unarmed Combat
  1021 | D:1      | Reached XP level 3. HP: 7/15 MP: 7/7
  1957 | D:2      | Reached skill level 5 in Unarmed Combat
  1957 | D:2      | Reached XP level 4. HP: 19/19 MP: 8/8
  2502 | D:2      | Gained mutation: You have a somewhat thin skeletal structure. (Dex +2, Stealth) [potion of mutation]
  2502 | D:2      | Gained mutation: You are somewhat resistant to further mutation. [potion of mutation]
  2502 | D:2      | Gained mutation: You are surrounded by a mild repulsion field. (EV +2) [potion of mutation]
  3012 | D:3      | Found a faded altar of an unknown god.
  3063 | D:3      | Noticed Terence
  3073 | D:3      | Killed Terence
  3073 | D:3      | Reached XP level 5. HP: 22/22 MP: 5/9
  3180 | D:3      | Found a white marble altar of Elyvilon.
  3333 | D:3      | You fall through a shaft!
  3355 | D:4      | Reached skill level 6 in Unarmed Combat
  3478 | D:4      | Found Inoicoun's Book Boutique.
  3479 | D:4      | Noticed an ogre
  3501 | D:4      | Killed an ogre
  3963 | D:4      | HP: 1/22 [poisoned by a worker ant]
  3966 | D:4      | Succumbed to a worker ant's poison
  3967 | D:4      | Reached XP level 4. HP: 0/19 MP: 8/8
  4011 | D:4      | Reached XP level 5. HP: 17/22 MP: 4/9
  4145 | D:4      | Noticed a phantom
  4245 | D:4      | HP: 1/22 [poisoned by a worker ant]
  4254 | D:4      | Succumbed to a worker ant's poison

Vault maps used:
D:1:      dpeg_arrival_yet_another_circle, minmay_crystal_water
D:2:      first_bread, minmay_gold_behind_fungi, minmay_misc_feat_four_crosses,
          uniq_iyjb
D:3:      lemuel_round_altar, chequers_ecumenical_altar_simple,
          roderic_filled_cross, uniq_terence
D:4:      serial_shops, nicolae_shop_stone, uniq_sigmund

Skill      XL: |  1  2  3  4  5 |
---------------+----------------+-----
Unarmed Combat | 4 5 6 |  6.9
Fighting       | |  1.0
Dodging        | |  2.6
Spellcasting   | |  2.0
Transmutations | |  2.1

Action                   |  1- 3 |  4- 6 || total
-------------------------+-------+-------++-------
Melee: Unarmed           |   120 |   175 ||   295
       Bite              |     8 |    13 ||    21
       Punch             |       |     1 ||     1
 Cast: Sticks to Snakes  |       |    20 ||    20
  Use: Potion            |     2 |     3 ||     5
       Scroll            |       |     5 ||     5
 Stab: Sleeping          |     6 |     7 ||    13
       Distracted        |     1 |       ||     1
  Eat: Chunk             |     9 |    11 ||    20
Armor: Skin              |     6 |     4 ||    10
Dodge: Dodged            |    88 |   117 ||   205
